General information
			
			
        
        - name: BNet
 
        - type: Ladder team game (AT/RT)
 
        - host: Battle.net
 
        - saver: 66Dragon6
 
        
map: DragonFalls 
        - players: 8
 
        - length: 16:45
 
        - speed: Fast
 - version: 1.22 W3XP
 - replay type:  Public
 
» download(152 KB)
Players
        team 1 (loser) 
              
              
DevilFish (
yellow | 154 APM | 2529 actions | 16:24)
              
 4 Death Knight 
 2 Death Coil
 2 Unholy Aura
 3 Lich 
 2 Frost Nova
 1 Frost Armor
 1 Crypt Lord 
 1 Impale
 
                » actions 
                
                | Assign group hotkey | 290 |  | 
| Basic commands | 259 |  | 
| Build / train | 51 |  | 
| ESC pressed | 2 |  | 
| Enter build submenu | 18 |  | 
| Enter hero's abilities submenu | 8 |  | 
| Give item / drop item | 3 |  | 
| Right click | 817 |  | 
| Select / deselect | 356 |  | 
| Select group hotkey | 649 |  | 
| Use ability | 76 |  | 
                2529 total
 » units 
                
                | Acolyte | 4 |  | 
| Ghoul | 3 |  | 
| Crypt Fiend | 11 |  | 
| Frost Wyrm | 1 |  | 
                19 total
 » upgrades
                » buildings
                
                | Graveyard | 1 |  | 
| Crypt | 2 |  | 
| Altar of Darkness | 1 |  | 
| Tomb of Relics | 2 |  | 
| Ziggurat | 6 |  | 
| Nerubian Tower | 1 |  | 
| Halls of the Dead | 3 |  | 
| Black Citadel | 1 |  | 
| Spirit Tower | 1 |  | 
| Sacrificial Pit | 1 |  | 
| Boneyard | 2 |  | 
                21 total
 » build order
                00:12 Graveyard
00:18 Crypt
00:42 Altar of Darkness
00:45 Tomb of Relics
00:46 Ziggurat
00:49 Tomb of Relics
01:14 Ziggurat
01:47 Nerubian Tower
02:13 Ziggurat
03:07 Crypt
03:30 Halls of the Dead
03:31 Halls of the Dead
03:31 Halls of the Dead
04:04 Ziggurat
07:05 Black Citadel
07:41 Spirit Tower
08:11 Sacrificial Pit
09:31 Boneyard
10:21 Boneyard
10:23 Ziggurat
10:25 Ziggurat
» items
                
                | Rod of Necromancy | 4 |  | 
| Orb of Corruption | 4 |  | 
| Scroll of Town Portal | 2 |  | 
| Potion of Healing | 1 |  | 
                11 total
  
               
              
              
» 
66Dragon6 (
red | 86 APM | 1440 actions | 16:45)
              
 2 Archmage 
 1 Summon Water Elemental
 1 Brilliance Aura
 1 Mountain King 
 1 Storm Bolt
 
                » actions 
                
                | Assign group hotkey | 24 |  | 
| Basic commands | 15 |  | 
| Build / train | 68 |  | 
| ESC pressed | 6 |  | 
| Enter build submenu | 10 |  | 
| Enter hero's abilities submenu | 3 |  | 
| Remove unit from queue | 1 |  | 
| Right click | 721 |  | 
| Select / deselect | 220 |  | 
| Select group hotkey | 309 |  | 
| Use ability | 63 |  | 
                1440 total
 » units 
                
                | Peasant | 26 |  | 
| Footman | 16 |  | 
| Furbolg Shaman | 2 |  | 
| Thunder Lizard | 5 |  | 
| Knight | 4 |  | 
                53 total
 » upgrades
                
                | Defend | 1 |  | 
| Animal War Training | 1 |  | 
                2 total
 » buildings
                
                | Altar of Kings | 1 |  | 
| Barracks | 2 |  | 
| Farm | 3 |  | 
| Town Hall | 1 |  | 
| Lumber Mill | 1 |  | 
| Keep | 1 |  | 
| Castle | 1 |  | 
| Blacksmith | 1 |  | 
                11 total
 » build order
                00:12 Altar of Kings
00:25 Barracks
00:39 Farm
00:59 Farm
01:41 Farm
03:40 Town Hall
03:52 Lumber Mill
04:57 Barracks
05:56 Keep
09:25 Castle
09:47 Blacksmith
» items
                
                | Scroll of Town Portal | 1 |  | 
| Orb of Fire | 1 |  | 
| Staff of Sanctuary | 1 |  | 
                3 total
  
               
              
              
iwillaoeu (
orange | 6 APM | 74 actions | 12:27)
              
                » actions 
                
                | Basic commands | 7 |  | 
| Right click | 37 |  | 
| Select / deselect | 30 |  | 
                74 total
  
               
              
              
» 
HungLikeABlack (
blue | 76 APM | 1272 actions | 16:41)
              
 4 Archmage 
 2 Summon Water Elemental
 1 Brilliance Aura
 1 Blizzard
 2 Mountain King 
 1 Storm Bolt
 1 Thunder Clap
 2 Paladin 
 1 Holy Light
 1 Divine Shield
 
                » actions 
                
                | Assign group hotkey | 43 |  | 
| Basic commands | 18 |  | 
| Build / train | 61 |  | 
| ESC pressed | 11 |  | 
| Enter build submenu | 22 |  | 
| Enter hero's abilities submenu | 8 |  | 
| Right click | 622 |  | 
| Select / deselect | 280 |  | 
| Select group hotkey | 121 |  | 
| Use ability | 86 |  | 
                1272 total
 » units 
                
                | Peasant | 22 |  | 
| Footman | 10 |  | 
| Gryphon Rider | 4 |  | 
| Dragonhawk Rider | 1 |  | 
                37 total
 » upgrades
                » buildings
                
                | Altar of Kings | 1 |  | 
| Farm | 11 |  | 
| Barracks | 1 |  | 
| Keep | 3 |  | 
| Town Hall | 1 |  | 
| Arcane Vault | 3 |  | 
| Castle | 2 |  | 
| Lumber Mill | 1 |  | 
| Gryphon Aviary | 3 |  | 
| Blacksmith | 1 |  | 
                27 total
 » build order
                00:28 Altar of Kings
00:43 Farm
00:58 Barracks
01:21 Farm
01:55 Farm
02:52 Farm
02:56 Keep
05:09 Town Hall
05:09 Keep
05:10 Keep
05:51 Farm
05:57 Arcane Vault
06:00 Arcane Vault
07:38 Castle
07:38 Castle
07:41 Lumber Mill
09:19 Gryphon Aviary
09:20 Gryphon Aviary
09:23 Gryphon Aviary
11:32 Farm
11:33 Farm
11:34 Farm
12:14 Farm
12:14 Farm
12:15 Farm
13:08 Arcane Vault
14:46 Blacksmith
» items
                
                | Scroll of Regeneration | 2 |  | 
| Lesser Clarity Potion | 1 |  | 
                3 total
  
               team 2 (winner) 
              
              
god-of.war (
teal | 46 APM | 774 actions | 16:45)
              
 4 Death Knight 
 2 Death Coil
 2 Unholy Aura
 2 Lich 
 1 Frost Nova
 1 Frost Armor
 1 Dreadlord 
 1 Sleep
 
                » actions 
                
                | Basic commands | 12 |  | 
| Build / train | 51 |  | 
| Enter build submenu | 14 |  | 
| Enter hero's abilities submenu | 7 |  | 
| Give item / drop item | 4 |  | 
| Right click | 451 |  | 
| Select / deselect | 195 |  | 
| Use ability | 40 |  | 
                774 total
 » units 
                
                | Acolyte | 2 |  | 
| Ghoul | 6 |  | 
| Crypt Fiend | 9 |  | 
| Frost Wyrm | 5 |  | 
                22 total
 » upgrades
                
                | Web | 1 |  | 
| Creature Attack | 2 |  | 
| Freezing Breath | 1 |  | 
                4 total
 » buildings
                
                | Crypt | 1 |  | 
| Altar of Darkness | 1 |  | 
| Ziggurat | 7 |  | 
| Graveyard | 1 |  | 
| Tomb of Relics | 1 |  | 
| Nerubian Tower | 3 |  | 
| Halls of the Dead | 2 |  | 
| Black Citadel | 1 |  | 
| Sacrificial Pit | 1 |  | 
| Boneyard | 2 |  | 
                20 total
 » build order
                00:09 Crypt
00:12 Altar of Darkness
00:34 Ziggurat
00:58 Graveyard
01:37 Tomb of Relics
01:46 Nerubian Tower
01:46 Nerubian Tower
02:02 Ziggurat
03:36 Halls of the Dead
03:37 Halls of the Dead
04:24 Ziggurat
06:47 Black Citadel
07:26 Sacrificial Pit
08:58 Ziggurat
09:52 Boneyard
09:53 Boneyard
10:00 Ziggurat
10:02 Ziggurat
15:25 Ziggurat
» items
                
                | Rod of Necromancy | 3 |  | 
| Dust of Appearance | 2 |  | 
| Orb of Corruption | 1 |  | 
| Scroll of Town Portal | 2 |  | 
| Potion of Healing | 1 |  | 
                9 total
  
               
              
              
» 
OneLastBreath (
green | 73 APM | 1231 actions | 16:45)
              
 4 Death Knight 
 2 Death Coil
 2 Unholy Aura
 5 Lich 
 3 Frost Nova
 2 Dark Ritual
 
                » actions 
                
                | Assign group hotkey | 7 |  | 
| Basic commands | 69 |  | 
| Build / train | 53 |  | 
| Enter build submenu | 13 |  | 
| Enter hero's abilities submenu | 9 |  | 
| Give item / drop item | 3 |  | 
| Right click | 511 |  | 
| Select / deselect | 188 |  | 
| Select group hotkey | 315 |  | 
| Use ability | 63 |  | 
                1231 total
 » units 
                
                | Acolyte | 2 |  | 
| Ghoul | 2 |  | 
| Crypt Fiend | 16 |  | 
| Satyr Shadowdancer | 2 |  | 
| Obsidian Statue | 2 |  | 
                24 total
 » upgrades
                
                | Creature Attack | 2 |  | 
| Web | 1 |  | 
| Destroyer Form | 1 |  | 
                4 total
 » buildings
                
                | Graveyard | 1 |  | 
| Ziggurat | 6 |  | 
| Crypt | 1 |  | 
| Altar of Darkness | 1 |  | 
| Tomb of Relics | 1 |  | 
| Halls of the Dead | 2 |  | 
| Slaughterhouse | 1 |  | 
| Black Citadel | 2 |  | 
                15 total
 » build order
                00:20 Graveyard
00:46 Ziggurat
00:48 Crypt
01:03 Altar of Darkness
01:37 Ziggurat
01:39 Tomb of Relics
03:01 Ziggurat
05:12 Halls of the Dead
05:13 Halls of the Dead
05:53 Ziggurat
07:11 Ziggurat
08:28 Slaughterhouse
10:55 Black Citadel
10:56 Black Citadel
14:44 Ziggurat
» items
                
                | Rod of Necromancy | 3 |  | 
| Scroll of Town Portal | 1 |  | 
                4 total
  
               
              
              
» 
Wert]Doof (
purple | 90 APM | 1504 actions | 16:45)
              
 7 Mountain King 
 3 Storm Bolt
 3 Bash
 1 Avatar
 2 Paladin 
 1 Holy Light
 1 Divine Shield
 
                » actions 
                
                | Assign group hotkey | 26 |  | 
| Basic commands | 25 |  | 
| Build / train | 77 |  | 
| Enter build submenu | 17 |  | 
| Enter hero's abilities submenu | 9 |  | 
| Give item / drop item | 2 |  | 
| Right click | 587 |  | 
| Select / deselect | 219 |  | 
| Select group hotkey | 452 |  | 
| Use ability | 90 |  | 
                1504 total
 » units 
                
                | Peasant | 18 |  | 
| Footman | 10 |  | 
| Gryphon Rider | 4 |  | 
| Dragonhawk Rider | 3 |  | 
                35 total
 » upgrades
                
                | Defend | 1 |  | 
| Swords | 2 |  | 
| Armor | 2 |  | 
| Animal War Training | 1 |  | 
| Storm Hammers | 1 |  | 
| Lumber Harvesting | 1 |  | 
| Masonry | 1 |  | 
| Cloud | 1 |  | 
                10 total
 » buildings
                
                | Altar of Kings | 1 |  | 
| Barracks | 1 |  | 
| Farm | 14 |  | 
| Arcane Vault | 1 |  | 
| Town Hall | 1 |  | 
| Scout Tower | 2 |  | 
| Lumber Mill | 1 |  | 
| Arcane Tower | 1 |  | 
| Guard Tower | 2 |  | 
| Keep | 2 |  | 
| Blacksmith | 1 |  | 
| Castle | 1 |  | 
| Gryphon Aviary | 3 |  | 
                31 total
 » build order
                00:12 Altar of Kings
00:22 Barracks
00:38 Farm
01:01 Farm
01:50 Farm
02:44 Arcane Vault
04:02 Town Hall
04:09 Scout Tower
04:10 Scout Tower
04:23 Lumber Mill
04:37 Arcane Tower
04:52 Farm
05:27 Guard Tower
05:28 Guard Tower
05:38 Keep
05:38 Keep
06:54 Farm
06:56 Farm
06:57 Farm
06:57 Farm
06:59 Farm
06:59 Farm
07:01 Farm
07:02 Farm
07:14 Blacksmith
08:02 Farm
08:04 Farm
08:59 Castle
09:05 Gryphon Aviary
09:05 Gryphon Aviary
09:07 Gryphon Aviary
» items
                
                | Scroll of Regeneration | 4 |  | 
| Lesser Clarity Potion | 4 |  | 
| Rod of Necromancy | 1 |  | 
| Scroll of Town Portal | 2 |  | 
| Potion of Mana | 1 |  | 
                12 total
  
               
              
              
TOWER-CRAFT (
pink | 83 APM | 1395 actions | 16:45)
              
 3 Keeper of the Grove 
 2 Entangling Roots
 1 Thorns Aura
 
                » actions 
                
                | Assign group hotkey | 41 |  | 
| Basic commands | 20 |  | 
| Build / train | 58 |  | 
| Enter build submenu | 18 |  | 
| Enter hero's abilities submenu | 3 |  | 
| Right click | 727 |  | 
| Select / deselect | 209 |  | 
| Select group hotkey | 272 |  | 
| Use ability | 47 |  | 
                1395 total
 » units 
                
                | Wisp | 22 |  | 
| Huntress | 25 |  | 
| Druid of the Talon | 3 |  | 
                50 total
 » upgrades
                
                | Strength of the Moon | 1 |  | 
| Moon Armor | 1 |  | 
                2 total
 » buildings
                
                | Altar of Elders | 1 |  | 
| Moon Well | 8 |  | 
| Hunter's Hall | 1 |  | 
| Ancient of War | 4 |  | 
| Tree of Life | 1 |  | 
| Tree of Ages | 2 |  | 
| Ancient of Wind | 1 |  | 
| Ancient Protector | 1 |  | 
                19 total
 » build order
                00:08 Altar of Elders
00:23 Moon Well
01:38 Hunter's Hall
01:59 Ancient of War
02:20 Ancient of War
02:33 Moon Well
02:45 Moon Well
03:13 Ancient of War
03:28 Ancient of War
04:26 Tree of Life
07:47 Tree of Ages
08:27 Tree of Ages
08:32 Moon Well
08:33 Moon Well
09:46 Moon Well
11:40 Moon Well
11:45 Ancient of Wind
13:33 Ancient Protector
15:18 Moon Well
 
                Chat log
          (00:03 / Allies) 66Dragon6: please dont bs
(00:04 / All) OneLastBreath: someday
(00:06 / All) OneLastBreath: we gonna dance with those lions
(00:09 / All) OneLastBreath: hey red u shitty nub
(00:14 / All) iwillaoeu: MAN
(00:15 / All) iwillaoeu: I WISH
(00:17 / All) iwillaoeu: I HAD THAT NUB
(00:20 / All) iwillaoeu: ON M YTEAM FROM LAST GAME
(00:22 / All) iwillaoeu: NECROALAN
(00:25 / Allies) DevilFish: 1st rt in 2 weeks of searching
(00:28 / All) iwillaoeu: AND ANOTHER FAG OPPONENT
(00:30 / All) iwillaoeu: FIEND MASSER
(00:31 / Allies) DevilFish: give me cash
(00:33 / All) OneLastBreath: reds really bad
(00:42 / All) iwillaoeu: YES WE KNOW
(00:44 / All) OneLastBreath: like 45%
(00:48 / Allies) HungLikeABlack: lol
(00:49 / All) OneLastBreath: if that
(01:02 / All) iwillaoeu: IM IN STAB MOOD
(01:03 / All) iwillaoeu: FUCKIN
(01:06 / All) iwillaoeu: STUPID GAME
(01:07 / All) iwillaoeu: LAST GAME
(01:07 / All) OneLastBreath: lol
(01:09 / All) iwillaoeu: SOME NUB
(01:11 / Allies) HungLikeABlack: lol
(01:12 / All) iwillaoeu: NECROALAN
(01:13 / Allies) HungLikeABlack: wtf
(01:15 / All) iwillaoeu: FUCKIN JEW
(01:17 / All) OneLastBreath: i feel ur sorrow man
(01:20 / All) iwillaoeu: ONE GUY ON OTHER TEAM DROPS
(01:22 / All) iwillaoeu: AND WE STILL LOSE
(01:25 / All) iwillaoeu: CUZ MY IDIOT TEAMMATES
(01:27 / All) iwillaoeu: CAN'T HANDLE 3ON3
(01:27 / All) OneLastBreath: fuking nabs still after this games been out for like 5years
(01:31 / Specific player) 66Dragon6: just send an aco to his gold mine and take it
(01:35 / All) iwillaoeu: AND THEY ASK ME TO TP
(01:39 / All) iwillaoeu: WHILE MY BASE IS LEFT OPEN
(01:42 / All) iwillaoeu: TO A FAGGOT UD
(01:50 / All) iwillaoeu: DK/LICH FIEND
(02:07 / All) iwillaoeu: GET THE FUCK OUT
(02:11 / All) OneLastBreath: lololol
(02:20 / All) OneLastBreath: orange is my boy <3
(02:26 / All) OneLastBreath: red kill urself plz
(02:29 / All) iwillaoeu: BTW
(02:31 / All) iwillaoeu: TOWER CRAFT
(02:35 / All) iwillaoeu: EVEN THOUGHT U'RE GAY
(02:38 / All) iwillaoeu: PLS
(02:40 / All) 66Dragon6: I didnt say one word this game and you go into nerd rage mode
(02:40 / All) iwillaoeu: KEEP OWNING
(02:42 / All) iwillaoeu: THE HOMO
(02:45 / All) iwillaoeu: KODOS FAGSAKEN
(02:50 / All) TOWER-CRAFT: word
(02:55 / All) OneLastBreath: ya bc ur so filthy
(02:57 / Allies) DevilFish: red
(02:58 / All) OneLastBreath: kodos is trash btw
(03:07 / Allies) 66Dragon6: ya
(03:16 / Allies) DevilFish: keep playing
(03:18 / Allies) 66Dragon6: ya
(03:54 / All) iwillaoeu: KNOW WHY I HATE THIS MAP
(03:58 / All) iwillaoeu: ALONG WITH MAP RETARDED 4'S MAPS
(04:00 / All) iwillaoeu: THE STUPID EXPO
(04:06 / All) iwillaoeu: I MEAN
(04:13 / All) iwillaoeu: WTF, IMPOSSIBLE TO STOP
(04:29 / All) iwillaoeu: I LOST 2 GAMES AGO
(04:34 / All) iwillaoeu: CUZ SOME NIG NOOBELVES
(04:38 / 5) DevilFish: hes feeding me so its fine for now
(04:42 / All) iwillaoeu: AND I COULDNT STOP IT
(04:47 / All) iwillaoeu: THEN THEIR SKILLESS UNITS
(04:49 / All) OneLastBreath: RED UR SHITTY
(04:49 / All) iwillaoeu: US
(05:48 / Allies) 66Dragon6: blue
(05:53 / Allies) 66Dragon6: get the fuck over here
(06:10 / Allies) HungLikeABlack: comin
(06:28 / Allies) 66Dragon6: WHERE ARE YOU
(06:55 / All) TOWER-CRAFT: leave
(06:56 / All) TOWER-CRAFT: trash
(07:26 / All) iwillaoeu: U KNOW WHO THE BIGGEST FAGS I SEE IN 4'S I WOULD STAB
(07:29 / All) iwillaoeu: 66DRAGON6
(07:32 / All) iwillaoeu: KODOS_FORSAKEN
(07:39 / All) iwillaoeu: DELETETHISACCT
(07:41 / All) TOWER-CRAFT: what about me
(07:42 / All) TOWER-CRAFT: ?
(07:49 / All) iwillaoeu: IF U PISS ME OFF EVENTUALLY YES
(07:50 / All) OneLastBreath: ya reds trash for life
(07:57 / All) OneLastBreath: SO BAD
(07:59 / All) iwillaoeu: WHEN I USED TO SEE HIM
(08:02 / All) OneLastBreath: worthless 
(08:04 / All) iwillaoeu: SOME NEWB NAMED WHITGHOST
(08:10 / All) iwillaoeu: AND SOME NUB
(08:13 / All) iwillaoeu: NAMED RASS_GOOSE
(08:18 / All) iwillaoeu: ALSO USED TO BE A DICK
(08:35 / All) OneLastBreath: red just kill urself
(08:43 / All) iwillaoeu: SEE RED
(08:47 / All) iwillaoeu: IF U NEVER BECAME A DICK
(08:49 / All) iwillaoeu: FROM THE START
(08:52 / All) iwillaoeu: THIS WOULD NOT HAPPEN
(09:06 / All) iwillaoeu: THERE WERE THESE OTHER FAGGOT UDS
(09:09 / All) 66Dragon6: you 2 have to be the most retarded people on bent
(09:13 / All) iwillaoeu: WESFSGTB
(09:17 / All) iwillaoeu: AND SOME IDIOT
(09:20 / All) iwillaoeu: NAMED MADEINCHINA-
(09:23 / All) iwillaoeu: ALWAYS DID THE SAME THING
(09:27 / All) iwillaoeu: DK/LICH FIEND WYRMS
(09:32 / All) iwillaoeu: I WOULD STAB THEM TOO
(09:37 / All) Wert]Doof: lol
(09:44 / All) Wert]Doof: why do u even play the game?
(09:49 / All) iwillaoeu: CUZ
(09:50 / All) iwillaoeu: SC2
(09:51 / Allies) DevilFish: gold
(09:52 / All) iwillaoeu: IS NOT OUT
(09:58 / All) Wert]Doof: o ya good call
(10:00 / Allies) DevilFish: gold
(10:02 / All) iwillaoeu: AND
(10:11 / All) iwillaoeu: IM NOT INTO COUNTERSTRIKE
(10:11 / Allies) DevilFish: gold
(10:28 / All) iwillaoeu: BUT THIS GAME
(10:28 / All) OneLastBreath: y u nabs still here?
(10:31 / All) iwillaoeu: HAS BECOME SO RUINED NOW
(10:34 / All) iwillaoeu: EVEN BACK IN THE DAY
(10:38 / All) iwillaoeu: WHEN ABUSE WAS PREVALENT
(10:42 / All) iwillaoeu: I COULD STOP IT WITH SKILL
(10:45 / All) iwillaoeu: IE: MASSCASTERS
(10:47 / All) iwillaoeu: MASS GHOULS
(10:48 / All) OneLastBreath: no chance
(10:49 / All) iwillaoeu: MASS DRYADS
(10:50 / All) iwillaoeu: NOW 
(10:52 / All) iwillaoeu: I CAN'T DO SHIT
(10:53 / All) OneLastBreath: with such a shit like red on ur team
(11:01 / All) iwillaoeu: I MEAN
(11:01 / All) OneLastBreath: its insta loss
(11:02 / All) iwillaoeu: ROC
(11:04 / All) OneLastBreath: with that nerd-craft
(11:06 / All) iwillaoeu: HAD THE ELITE
(11:14 / All) OneLastBreath: OMG MILITIA PRO
(11:17 / All) iwillaoeu: AND I USED TO OWN SOME OF THE 90%+
(11:18 / All) OneLastBreath: SNAP ALM,OST
(11:20 / All) iwillaoeu: NOW I CAN'T BEAT
(11:24 / All) iwillaoeu: 40-50%'ERS
(11:24 / All) OneLastBreath: BAM
(11:25 / All) OneLastBreath: RAPE
(11:31 / Allies) DevilFish: gold
(11:37 / All) OneLastBreath: red do i get in ur head alot?
(11:46 / All) OneLastBreath: im like 50-0 vs u
(11:49 / All) OneLastBreath: pretty bad
(11:52 / All) 66Dragon6: are you trying to turn me on or what?
(11:58 / All) iwillaoeu: PEACE RED, DON'T ASSOCIATE URSEL
(11:59 / All) iwillaoeu: WITH THAT NUB
(12:01 / All) iwillaoeu: KODOS
(12:05 / All) iwillaoeu: OR ALL THOSE FORUMER TRASH
(12:07 / All) OneLastBreath: kodos
(12:09 / All) OneLastBreath: is pro
(12:10 / All) OneLastBreath: lawl
(12:18 / All) iwillaoeu: OH YEA
(12:22 / All) OneLastBreath: snap peasent rape
(12:22 / All) iwillaoeu: SOME NUB NAMED GHETTO_OVERLORD
(12:24 / All) iwillaoeu: WHAT A DICK TOO
(12:28 / All) OneLastBreath: o hes bad 2
(12:30 / All) Wert]Doof: lmao
(12:31 / All) OneLastBreath: 3 vs 1 rofl
(12:35 / All) OneLastBreath: check this rape
(12:44 / All) 66Dragon6: as you tp out
(12:48 / All) OneLastBreath: LAWL
(12:50 / All) OneLastBreath: AS UR PARTNERS QQ
(13:12 / All) 66Dragon6: dont even think that orange is a "partner"
(13:22 / All) TOWER-CRAFT: raped
(13:24 / All) TOWER-CRAFT: devilish
(13:25 / All) TOWER-CRAFT: raped
(13:42 / All) OneLastBreath: and i wonder
(13:44 / All) OneLastBreath: wen i sing along with u
(13:57 / All) OneLastBreath: if everything could ever feel this real forever
(14:02 / All) 66Dragon6: emo
(14:05 / All) OneLastBreath: werd
(14:12 / All) OneLastBreath: u a G?
(14:29 / Allies) 66Dragon6: this side
(14:32 / Allies) 66Dragon6: tp/wa;l
(14:53 / All) OneLastBreath: so xplain y ur still here?
(15:04 / All) OneLastBreath: just curious
(15:16 / Allies) 66Dragon6: go
(15:45 / All) 66Dragon6: snap
(15:47 / All) TOWER-CRAFT: devilfish
(15:50 / All) TOWER-CRAFT: how are u 47-9
(15:52 / All) OneLastBreath: ya ur getting raped
(15:53 / All) TOWER-CRAFT: your horrible
(15:53 / All) OneLastBreath: lawl
(16:00 / All) OneLastBreath: SNAP
(16:02 / All) TOWER-CRAFT: devilfish how are u 49-7
(16:05 / All) TOWER-CRAFT: your horrible..
(16:08 / All) god-of.war: i was just wondering that
(16:25 / All) TOWER-CRAFT: maphack
(16:29 / All) TOWER-CRAFT: i think
(16:31 / All) 66Dragon6: you guys are the dumbest fucks I seen in a long long time
(16:41 / All) 66Dragon6: and thats saying alot
(16:42 / All) TOWER-CRAFT: ME THINK
(16:43 / All) TOWER-CRAFT: HACK
(16:45 / All) Wert]Doof: just leave